 BcadrenCrawl: Boulder Brew version 0.06-283-g8a52a2b019 (webtiles) character file.

Game seed: 18134344284825287053, levelgen mode: deterministic

81 Ashen the Gusty (level 4, 24/24 HPs) Silent Spectre Air Elementalist. Began on Sept 14, 2022. Got out of the dungeon intact. The game lasted 00:02:20 (606 turns).

Ashen the Gusty (Silent Spectre Air Elementalist)    Turns: 606, Time: 00:02:21

Health: 24/24      AC:  2    Str:  4    XL:     4 ^: 79
Magic:  11/11      EV: 13    Int: 18    God:
Gold:   67         SH:  0    Dex: 17    Spells: 8/9 levels left

rFire    . . .     Slash    +   (no weapon)
rCold    . . .     Pierce   +   (no weapon)
rNeg     + + +     Bludgeon +   a - +0 robe
rCorr    . . .     Vision   .   (no helmet)
rPois    ∞         Gourm    .   (no cloak)
rElec    .         Faith    .   (no gloves)
MR       .....     Spirit   .   (no boots)
HPRegen  0.18/turn Reflect  .   (no amulet)
MPRegen  0.21/turn Harm     .   (no ring)
Stlth    ++........             (no ring)

@: silenced
A: silence aura 2, negative energy resistance 3, torment resistance,
unbreathing, petrification resistance, silent casting, insubstantial
a: no special abilities


You escaped.
You were not hungry.

You visited 1 branch of the dungeon, and saw 1 of its levels.

You collected 67 gold pieces.

Inventory:

Armour
 a - a +0 robe (worn)
Jewellery
 c - an uncursed amulet of reflection
Potions
 b - 2 potions of curing
 d - a potion of cure mutation


   Skills:
 + Level 3.0 Dodging
 + Level 2.8 Stealth
 + Level 0.4 Unarmed Combat
 + Level 3.1 Spellcasting
 + Level 4.8 Air Magic


You had 8 spell levels left.
You knew the following spells:

 Your Spells              Type           Power        Failure   Level  Hunger
a - Shock                 Air            20 (25)      3%          1    N/A

Your spell library contained the following spells:

 Spells                   Type           Power        Failure   Level  Hunger
 Static Discharge         Air            20 (100)     10%         3    N/A
 Swiftness                Chrm/Air       11 (100)     12%         2    N/A
 Airstrike                Air            20 (200)     28%         4    N/A
 Lightning Bolt           Air            20 (200)     58%         5    N/A

Dungeon Overview and Level Annotations

Branches:
Dungeon (1/8)

Altars:


Innate Abilities, Weirdness & Mutations

You are immune to poison.
You are surrounded by an aura of unnatural quiet.
You are immune to negative energy. (rN+++)
You are immune to unholy pain and torment.
You can survive without breathing.
You are immune to petrification.
You can communicate with gods and cast spells while silenced.
Your insubstantial form grants resistance to all physical attack and full immunity to sticky flames, nets and constriction. (rPhysical+)


Message History

Casting: Shock (safe; 3% risk of failure)
Confirm with . or Enter, or press ? or * to list all spells.
Aiming: Shock (safe; 3% risk of failure)
Press: ? - help, Shift-Dir - straight line, f - goblin
Aim: a goblin, wielding a +0 short sword, wearing a cursed +0 robe {(Curse: Slay-4)}, wielding a +2 nunchaku of holy wrath and wearing an uncursed ring of resist corrosion (silenced, 92%, 92% to-hit, healthy (4/4), 82% (Melee))
The zap hits the goblin (4).
You kill the goblin!
Casting: Shock (safe; 3% risk of failure)
Confirm with . or Enter, or press ? or * to list all spells.
You can't see any susceptible monsters within range! (Use Z to cast anyway.)
You see here a scroll of acquirement.
Okay, then.
Okay, then.
Okay, then.
You now have 67 gold pieces (gained 5).
You see here a scroll of acquirement.
There is an open door here.
There is a staircase leading out of the dungeon here.
Are you sure you want to leave the Dungeon?
This will make you lose the game!
You have escaped!

#'# #.#.# ####.####.#.###
#.'...†.#.)...# ####.####.#.#.#
#.'...+ #.#.#.# #######
####.####.#.# # ......#
#†'...†.#.#.# ......#
####.####...# ......#
+.@.'.....# ......#
####.####...#
......#######.'...'.#...#
......##...#####.#####..# #
......##...##.'...'.##..#.#
......##...#####.#####..#.###
......##...##.'...'.##..)...###
......##...#####.######.#......
......##...# #'# #.....#.##


There were no monsters in sight!

Vanquished Creatures
  2 giant cockroaches (D:1)
  A gnoll (D:1)
  3 cinder newts (D:1)
  2 dart slugs (D:1)
  A leopard gecko (D:1)
  2 bats (D:1)
  2 hobgoblins (D:1)
  3 goblins (D:1)
  2 kobolds (D:1)
  6 rats (D:1)
24 creatures vanquished.

Notes
Turn   | Place    | Note
-------+----------+-------------------------------------------
     0 | D:1      | Ashen the Silent Spectre Air Elementalist began the quest
                  | for the Orb.
     0 | D:1      | Reached XP level 1. HP: 10/10 MP: 6/6
    40 | D:1      | Reached skill level 4 in Air Magic
    40 | D:1      | Reached XP level 2. HP: 8/15 MP: 5/8
   122 | D:1      | Reached XP level 3. HP: 19/19 MP: 6/9
   359 | D:1      | Reached XP level 4. HP: 5/24 MP: 5/11
   573 | D:1      | Identified a scroll of acquirement
   606 | D:$      | Got out of the dungeon intact.

Levels and vault maps discovered:
D:1:      onia_arrival_larder, layout_basic, first_ration

Skill      XL: |  1  2  3 |
---------------+----------+-----
Air Magic      | 4 |  4.8
Dodging        | 3 |  3.0
Spellcasting   | 3 |  3.1
Stealth        | |  2.8
Unarmed Combat | |  0.4

Action                   |  1- 3 |  4- 6 || total
-------------------------+-------+-------++-------
Melee: Unarmed           |    24 |       ||    24
 Cast: Shock             |    29 |     8 ||    37
 Stab: Sleeping          |     2 |       ||     2
Armor: Robe              |     3 |       ||     3
Dodge: Dodged            |     6 |       ||     6
